 Dungeon Crawl Stone Soup version 0.27.1-1-g398f81649c (webtiles) character file.

Game seed: 17265252360847361826

703 greenlake the Cleaver (level 7, 0/67 HPs)
             Began as a Hill Orc Fighter on Sept 10, 2021.
             Slain by a killer bee (5 damage)
             ... on level 7 of the Dungeon.
             The game lasted 00:12:50 (5201 turns).

greenlake the Cleaver (Hill Orc Fighter)            Turns: 5201, Time: 00:12:51

Health: 0/67       AC:  6    Str: 21    XL:     7   Next: 66%
Magic:  7/7        EV:  9    Int:  8    God:
Gold:   164        SH:  0    Dex: 10    Spells: 6/6 levels left

rFire    . . .     SeeInvis .   a - +0 war axe
rCold    . . .     Faith    .   (no shield)
rNeg     . . .     Spirit   .   b - +0 scale mail
rPois    .         Reflect  .   (no helmet)
rElec    .         Harm     .   (no cloak)
rCorr    .         Rampage  .   (no gloves)
Will     .....                  (no boots)
Stlth    ..........             (no amulet)
HPRegen  0.21/turn              (no ring)
MPRegen  0.10/turn              (no ring)

@: lethally poisoned (0 -> -2)
A: no striking features
a: no special abilities


You were on level 7 of the Dungeon.
You visited 1 branch of the dungeon, and saw 7 of its levels.

You collected 164 gold pieces.

Inventory:

Hand Weapons
 a - a +0 war axe (weapon)
Missiles
 h - 5 silver boomerangs (quivered)
 o - 12 poisoned darts
Armour
 b - a +0 scale mail (worn)
 c - a +0 kite shield
Jewellery
 m - a +6 ring of dexterity
Scrolls
 e - 2 scrolls of torment {unknown}
 f - 7 scrolls of identify {unknown}
 g - 2 scrolls of amnesia {unknown}
 i - 2 scrolls of noise {unknown}
 k - a scroll of teleportation {unknown}
 l - 2 scrolls of summoning {unknown}
 p - a scroll of blinking {unknown}
 q - a scroll of immolation {unknown}
Potions
 d - a potion of might
 j - a potion of flight {unknown}
 n - a potion of curing {unknown}


   Skills:
 + Level 7.8 Fighting
 + Level 8.0 Axes
 - Level 3.2 Armour
 - Level 3.2 Shields


You had 6 spell levels left.
You didn't know any spells.
Your spell library contained the following spells:

 Spells                   Type           Power      Damage    Failure   Level
 Animate Skeleton         Necr           0%         N/A       75%         1
 Pain                     Necr           0%         1d4       75%         1
 Blink                    Tloc           N/A        N/A       87%         2
 Gell's Gravitas          Tloc           0%         N/A       98%         3
 Lesser Beckoning         Tloc           0%         N/A       98%         3
 Portal Projectile        Hex/Tloc       0%         N/A       98%         3
 Teleport Other           Tloc           0%         N/A       98%         3
 Vampiric Draining        Necr           0%         2d6       98%         3
 Blade Hands              Tmut           0%         N/A       100%        5
 Excruciating Wounds      Necr           0%         N/A       100%        5
 Manifold Assault         Tloc           0%         N/A       100%        5
 Dispersal                Tloc           0%         N/A       100%        6
 Disjunction              Tloc           0%         N/A       100%        8


Dungeon Overview and Level Annotations

Branches:
Dungeon (8/15)             Temple (0/1) D:5
   Lair: D:8-11

Altars:
Dithmenos
Elyvilon
Makhleb
Qazlal
Uskayaw
Yredelemnul

Shops:
D:4 *

Annotations:
D:2 Sigmund
D:3 Pikel


Message History

A killer bee comes into view.
The orc hits you with a +0 mace. The orc completely misses you.
The bullfrog hits you.
An orc comes into view. It is wielding a +0 mace.
A killer bee comes into view.
The killer bee moves out of view.
You barely miss the orc.
The killer bee buzzes angrily.
You hit the bullfrog.
Your scale mail prevents you from hitting the orc.
The orc misses you.
The bullfrog hits you but does no damage.
The orc hits you with a +0 mace.
The killer bee buzzes angrily. x2
A bullfrog comes into view.
The orc hits you but does no damage. x2; The bullfrog hits you.
The wyvern skeleton bites you! The orc hits you with a +0 mace.
A killer bee comes into view.
Found a robe.
The killer bee stings you.
You are poisoned.
The killer bee poisons you! The orc hits you but does no damage.
The killer bee stings you.
* * * LOW HITPOINT WARNING * * *
The orc hits you but does no damage.
The killer bee moves out of view.
You feel very sick. The orc hits you with a +0 mace.
* * * LOW HITPOINT WARNING * * *
You feel sick.
The bullfrog gives a loud, deep croak!
The killer bee stings you but does no damage.
The orc hits you with a +0 mace.
* * * LOW HITPOINT WARNING * * *
You feel sick.
The killer bee stings you but does no damage. x2
You feel sick. The killer bee stings you.
* * * LOW HITPOINT WARNING * * *
The killer bee stings you.
* * * LOW HITPOINT WARNING * * *
You feel sick. The killer bee barely misses you. The killer bee stings you.
You die...

### #.# #.# #.######
####### ####yy@.[.#
#.....###oo.yy###.#
#.)##...hFo#yZ##
###.......oFo.o....
......#.#.#.y#...##.#
#.........o..#Z....
#.....#.##.......#.#
#..#..#..........#.#
....>............. .


You could see a black bear, 2 bullfrogs, 6 killer bees, 7 orcs, a wyvern
skeleton and a centaur skeleton.

Vanquished Creatures
  Eustachio (D:4)
  Menkaure (D:5)
  2 ogres (D:4)
  4 lemures (D:4)
  A jelly (D:4)
  3 hounds
  An iguana (D:5)
  5 adders
  An ufetubus (D:4)
  A worm (D:4)
  3 dart slugs
  3 orcs
  6 ball pythons
  7 bats
  10 endoplasms
  3 giant cockroaches
  8 goblins
  7 hobgoblins
  7 jackals
  3 quokkas
  2 frilled lizards
  7 kobolds
  7 rats
93 creatures vanquished.

Notes
Turn   | Place    | Note
-------+----------+-------------------------------------------
     0 | D:1      | greenlake the Hill Orc Fighter began the quest for the Orb.
     0 | D:1      | Reached XP level 1. HP: 19/19 MP: 1/1
    77 | D:1      | Reached skill level 3 in Axes
   298 | D:1      | Reached XP level 2. HP: 27/27 MP: 2/2
   605 | D:1      | Reached XP level 3. HP: 17/34 MP: 3/3
   965 | D:2      | Found a burning altar of Makhleb.
  1096 | D:2      | Reached skill level 4 in Axes
  1254 | D:2      | Found a faded altar of an unknown god.
  1717 | D:2      | Reached XP level 4. HP: 39/41 MP: 4/4
  1806 | D:2      | Noticed Sigmund
  2171 | D:3      | Reached skill level 5 in Fighting
  2369 | D:3      | Found a basalt altar of Yredelemnul.
  2397 | D:3      | Reached skill level 5 in Axes
  2447 | D:3      | Found a white marble altar of Elyvilon.
  2520 | D:3      | Found a shadowy altar of Dithmenos.
  2586 | D:4      | Noticed an ogre
  2594 | D:4      | Killed an ogre
  2595 | D:4      | Reached XP level 5. HP: 16/50 MP: 5/5
  2808 | D:4      | Noticed Pikel
  2808 | D:4      | Noticed a lemure
  2808 | D:4      | Noticed a lemure
  2811 | D:4      | Noticed a lemure
  2812 | D:4      | Noticed a lemure
  3113 | D:4      | Noticed Eustachio
  3140 | D:4      | Killed Eustachio
  3141 | D:4      | Reached skill level 6 in Axes
  3141 | D:4      | Reached XP level 6. HP: 22/58 MP: 6/6
  3834 | D:4      | Reached skill level 7 in Axes
  3834 | D:4      | Reached XP level 7. HP: 29/66 MP: 7/7
  4211 | D:4      | Found Dasicom's CLEARANCE SALE! EVERYTHING MUST GO!.
  4516 | D:4      | Found a hide-covered altar of Uskayaw.
  4654 | D:5      | Entered Level 5 of the Dungeon
  4919 | D:5      | Noticed Menkaure
  4933 | D:5      | Killed Menkaure
  4934 | D:5      | Reached skill level 8 in Axes
  5180 | D:5      | Found a staircase to the Ecumenical Temple.
  5180 | D:5      | You fall into a shaft and drop 3 floors!
  5180 | D:8      | Found a stormy altar of Qazlal.
  5201 | D:7      | Slain by a killer bee

Illustrated notes

Levels and vault maps discovered:
D:1:      shiori_shiawase, layout_rooms
D:2:      layout_basic, ebering_ecumenical_altar_ruins, basic_altar,
          hangedman_decor_clover_reticule, minmay_quadrilaterals, uniq_sigmund
D:3:      layout_rooms, lemuel_tele_altar, kennysheep_ying_yang
D:4:      layout_loops_ring, nicolae_uskayaw_murder_on_the_dancefloor,
          nicolae_shop_clearance, uniq_pikel, uniq_eustachio
D:5:      layout_rooms, minmay_temple_entry_statues_fountains,
          hangedman_decor_opposing, roderic_lattice_a,
          minmay_misc_feat_secret_circle, uniq_menkaure
D:7:      layout_basic, grunt_gozag_statues
D:8:      layout_basic, nicolae_qazlal_scattered_showers,
          nicolae_underground_beach, uniq_maggie, uniq_psyche, uniq_erica

Skill      XL: |  1  2  3  4  5  6  7 |
---------------+----------------------+-----
Axes           | 3 4 5 6 7 8 |  8.0
Fighting       | 4 5 6 7 |  7.8
Armour         | |  3.2
Shields        | |  3.2

Action                   |  1- 3 |  4- 6 |  7- 9 || total
-------------------------+-------+-------+-------++-------
Melee: War axe           |   110 |   138 |    68 ||   316
Armor: Scale mail        |    66 |    71 |    37 ||   174
Dodge: Dodged            |    69 |    87 |    36 ||   192
